 Dungeon Crawl Stone Soup version 0.20-a0-1058-g0491fde (webtiles) character file.

184 alfred1011 the Sneak (level 5, -4/25 HPs)
             Began as a Spriggan Assassin on Apr 26, 2017.
             Slain by a killer bee (6 damage)
             ... on level 3 of the Dungeon.
             The game lasted 00:12:25 (4171 turns).

alfred1011 the Sneak (Spriggan Assassin)            Turns: 4171, Time: 00:12:25

Health: -4/25      AC:  4    Str:  7    XL:     5   Next: 36%
Magic:  6/6        EV: 19    Int: 13    God:
Gold:   101        SH:  0    Dex: 18    Spells: 4/4 levels left

rFire    . . .     SeeInvis +   a - +3 dagger
rCold    + . .     Gourm    .   (shield restricted)
rNeg     . . .     Faith    .   c - +0 robe
rPois    .         Spirit   .   (helmet restricted)
rElec    .         Reflect  .   d - +1 cloak
rCorr    .         Harm     +   (gloves unavailable)
MR       .....                  (boots unavailable)
Stlth    ++++......             v - amulet of harm
Regen    0.1/turn               k - ring of protection from cold
MPRegen  0.1/turn               (no ring)

@: lethally poisoned (-4 -> -8), very quick
A: unfitting armour, see invisible, herbivore 3, speed 3, slow metabolism 2
a: no special abilities


You were on level 3 of the Dungeon.
You were full.

You visited 1 branch of the dungeon, and saw 4 of its levels.

You collected 101 gold pieces.

Inventory:

Hand Weapons
 a - a +3 dagger (weapon)
 b - a +0 blowgun
Missiles
 e - 12 poisoned needles
 f - 2 curare-tipped needles
Armour
 c - a +0 robe (worn)
 d - a +1 cloak (worn)
 s - +0 fire dragon scales
Jewellery
 k - a ring of protection from cold (left hand)
 p - a cursed amulet of inaccuracy {unknown}
 r - an uncursed amulet of the gourmand {unknown}
 v - an amulet of harm (around neck)
Scrolls
 h - 3 scrolls of teleportation
 l - a scroll of amnesia
 o - a scroll of enchant armour
 t - 2 scrolls of enchant weapon
 u - a scroll of fog {unknown}
 w - 2 scrolls of identify
 x - a scroll of remove curse
Comestibles
 g - 5 bread rations
 m - 8 fruits


   Skills:
 - Level 1.5 Fighting
 * Level 4.2 Short Blades
 - Level 2.0 Throwing
 + Level 3.7 Dodging
 * Level 7.9 Stealth


You had 4 spell levels left.
You didn't know any spells.

Dungeon Overview and Level Annotations

Branches:
Dungeon (4/15)
 Temple: D:4-7

Altars:
Cheibriados
Makhleb


Innate Abilities, Weirdness & Mutations

You are very small and have problems with some larger weapons.
You are too small for most types of armour.
You have supernaturally acute eyesight. (SInv)
You are a herbivore.
You cover ground extremely quickly.
You need consume almost no food.


Message History

The killer bee is severely wounded.
* * * LOW HITPOINT WARNING * * *
You feel sick. The killer bee barely misses you.
The killer bee completely misses you.
You hit the killer bee.
The killer bee is almost dead.
The killer bee completely misses you.
You barely miss the killer bee.
The killer bee is almost dead.
The killer bee stings you.
* * * LOW HITPOINT WARNING * * *
The killer bee closely misses you.
You hit the killer bee but do no damage.
The killer bee is almost dead.
The killer bee misses you. The killer bee closely misses you.
You closely miss the killer bee.
The killer bee is almost dead.
* * * LOW HITPOINT WARNING * * *
You feel sick. The killer bee stings you.
You die...

#.... #.### #.###
#.#.. ### #.#.# ##.##
#.#.# ##.#.###.#.#
###########.###.##.#.#
#...y@....(## ##.#....
#.#########.###.##..#.
#.# ##.#..###(## #.#
#........#_ #.#
#...(....≈≈ #.#
#...[.##≈≈≈ #.#
##...###≈≈. #)# ##.##
#≈≈≈ #.# #.# #.≈≈


You could see a killer bee.

Vanquished Creatures
  The ghost of alfred1011 the Sneak, an amateur SpAs of Dithmenos (D:3)
  A hound (D:2)
  A gnoll (D:1)
  2 adders
  An ooze (D:4)
  2 worms (D:2)
  A dart slug (D:3)
  2 orcs
  A ball python (D:2)
  8 bats
  2 giant cockroaches
  4 goblins
  3 hobgoblins
  A quokka (D:2)
  3 frilled lizards
  13 kobolds
  3 rats
49 creatures vanquished.

Notes
Turn   | Place    | Note
-------+----------+-------------------------------------------
     0 | D:1      | alfred1011 the Spriggan Assassin began the quest for the Orb.
     0 | D:1      | Reached XP level 1. HP: 10/10 MP: 2/2
    76 | D:1      | Reached skill level 6 in Stealth
    76 | D:1      | Reached XP level 2. HP: 9/14 MP: 3/3
  1044 | D:2      | Reached XP level 3. HP: 18/18 MP: 4/4
  1189 | D:2      | Found a burning altar of Makhleb.
  1342 | D:2      | Reached XP level 4. HP: 22/22 MP: 5/5
  1394 | D:2      | Reached skill level 7 in Stealth
  2306 | D:3      | Found a snail-covered altar of Cheibriados.
  2411 | D:3      | Noticed alfred1011's ghost (amateur SpAs)
  2698 | D:3      | Killed alfred1011's ghost
  2698 | D:3      | Reached XP level 5. HP: 12/25 MP: 6/6
  3804 | D:3      | HP: 1/25 [killer bee (9)]
  4171 | D:3      | Slain by a killer bee

Vault maps used:
D:1:      saegor_arrival_simple_f
D:2:      makhleb_heckhound_becter, serial_co_window_serial, co_window_paths_a,
          co_window_of_opportunity_a, co_window_paths_a, co_window_paths_b,
          co_window_cross_1, co_window_cross_2, co_window_of_opportunity_c,
          co_window_corner_b, co_window_broadway_c, co_window_4corner_b,
          glass_columns_a, glass_columns_b, glass_columns_b
D:3:      kennysheep_slug_shrine
D:4:      first_bread

Skill      XL: |  1  2  3  4 |
---------------+-------------+-----
Stealth        | 6 7 |  7.9
Dodging        | 2 3 |  3.7
Short Blades   | 3 4 |  4.2
Fighting       | |  1.5
Throwing       | |  2.0

Action                   |  1- 3 |  4- 6 || total
-------------------------+-------+-------++-------
Melee: Dagger            |    96 |   148 ||   244
 Fire: Blowgun           |     5 |     5 ||    10
  Use: Scroll            |       |     9 ||     9
       Potion            |       |     5 ||     5
 Stab: Sleeping          |     4 |    11 ||    15
       Distracted        |       |     1 ||     1
  Eat: Bread ration      |       |     1 ||     1
Armor: Robe              |    15 |    17 ||    32
Dodge: Dodged            |    82 |   136 ||   218
